[Event "New Zealand Championship 2023"]
[Site "Wellington"]
[ePGN "0.1;DGT LiveChess/2.2.5"]
[Date "2023.01.10"]
[Round "9.1"]
[White "Rains, Edward"]
[Black "Moradiabadi, Elshan"]
[Result "1/2-1/2"]
[TimeControl "90 mins + 30 mins (after 40 moves), additional 30 secs per move"]
[WhiteTitle "CM"]
[BlackTitle "GM"]
[WhiteFideId "4302940"]
[BlackFideId "12501255"]
[WhiteElo "2180"]
[BlackElo "2514"]

1. e4 c5 2. Nc3 e6 3. Nge2 Nc6 4. g3 d5 5. exd5 exd5 6. d4 Bg4 7. Bg2 Nxd4 8. h3 Bf3 9. Kf1 Qf6 10.
Bf4 Nxe2 11. Bxf3 Nxf4 12. gxf4 O-O-O 13. Nxd5 Qe6 14. c4 Ne7 15. Qa4 Nxd5 16. Bxd5 Qb6 17. Rb1 Bd6 18. Rg1 Bxf4 19.
Rxg7 Rd7 20. Re1 Rhd8 21. Rxf7 Rxf7 22. Bxf7 a6 23. Re8 Kb8 1/2-1/2

[Event "New Zealand Championship 2023"]
[Site "Wellington"]
[Date "2023.01.10"]
[Round "9.3"]
[White "Shoker, Samy"]
[Black "Croad, Nicolas"]
[Result "1-0"]
[TimeControl "90 mins + 30 mins (after 40 moves), additional 30 secs per move"]
[WhiteTitle "GM"]
[BlackTitle "FM"]
[WhiteFideId "627143"]
[BlackFideId "4300793"]
[WhiteElo "2491"]
[BlackElo "2442"]

1. Nf3 d5 2. g3 Bg4 3. Bg2 Nd7 4. d3 c6 5. Nbd2 e6 6. h3 Bh5 7. O-O Be7 8. c4 Ngf6 9. b3 O-O 10.
Bb2 a5 11. a3 b5 12. Qc2 bxc4 13. bxc4 Qb6 14. Rab1 Qa6 15. g4 Bg6 16. Nh4 Rfd8 17. e3 Ne8 18. Nxg6 hxg6 19. f4 Nd6 20.
c5 Ne8 21. d4 Rdb8 22. a4 Bd8 23. e4 dxe4 24. Qxe4 Rc8 25. g5 Rab8 26. Bc3 Kf8 27. Rfe1 Qa7 28. Nc4 Bc7 29. Bd2 Bd8 30.
h4 Nc7 31. Rxb8 Rxb8 32. Nxa5 Rb2 33. Nxc6 Qxa4 34. Bc1 f5 35. gxf6 Nxf6 36. Qxg6 Ra2 37. Be3 Ra1 38. Rxa1 Qxa1+ 39. Kh2 Qe1 40. Nxd8 Kg8 41. Bg1 Qxh4+ 42. Bh3 Qxf4+ 43. Qg3 Qd2+ 44. Kh1 Qh6 45. Qe3 Qh4 46. Nxe6 Ncd5 47. Bf2 Qh5 48.
Qg3 g6 49. Qb8+ 1-0

[Event "New Zealand Championship 2023"]
[Site "Wellington"]
[Date "2023.01.10"]
[Round "9.4"]
[White "Zhang, Jasmine Haomo"]
[Black "Ker, Anthony F"]
[Result "0-1"]
[TimeControl "90 mins + 30 mins (after 40 moves), additional 30 secs per move"]
[WhiteTitle "WIM"]
[BlackTitle "IM"]
[WhiteFideId "4304632"]
[BlackFideId "4300084"]
[WhiteElo "2117"]
[BlackElo "2425"]

1. d4 Nf6 2. Bf4 e6 3. e3 c5 4. Nd2 Be7 5. c3 b6 6. h3 Bb7 7. Ngf3 cxd4 8. exd4 d6 9. Bd3 Nbd7 10.
Nc4 Qc7 11. a4 O-O 12. O-O Rfe8 13. Re1 Bf8 14. Bh2 g6 15. Nfd2 Qc6 16. Ne3 a6 17. c4 Bh6 18. f3 d5 19.
Rc1 Rac8 20. Bf1 e5 21. dxe5 Nxe5 22. f4 Nxc4 23. Ndxc4 dxc4 24. Rxc4 Qe6 25. Nc2 Qd5 26. Rxe8+ Rxe8 27.
Rd4 Qc6 28. Rc4 Qd5 29. Rd4 Qc6 30. Rc4 Qe6 31. Rc7 Qe4 32. Rc4 Qe7 33. f5 Be3+ 34. Nxe3 Qxe3+ 35. Kh1 Ne4 36. Bg1 Ng3+ 37.
Kh2 Qe5 38. Bd3 Ne2+ 39. Kh1 Bxg2+ 40. Kxg2 Qg3+ 41. Kh1 Qxh3+ 42. Bh2 Qf3# 0-1

[Event "New Zealand Championship 2023"]
[Site "Wellington"]
[Date "2023.01.10"]
[Round "9.5"]
[White "Winter, Ryan"]
[Black "Smith, Robert W"]
[Result "1-0"]
[TimeControl "90 mins + 30 mins (after 40 moves), additional 30 secs per move"]
[BlackTitle "FM"]
[WhiteFideId "4306295"]
[BlackFideId "4300190"]
[WhiteElo "2209"]
[BlackElo "2283"]

1. e4 c5 2. Nf3 d6 3. d4 cxd4 4. Nxd4 Nf6 5. Nc3 a6 6. Be2 e5 7. Nb3 Be6 8. O-O Be7 9. f4 Qc7 10.
Kh1 Nbd7 11. a4 Rc8 12. a5 O-O 13. f5 Bc4 14. Ra4 Bxe2 15. Qxe2 Qc6 16. Rd1 h6 17. Be3 Rfd8 18. Bf2 Nc5 19.
Rc4 Qe8 20. Bh4 Ncd7 21. Nd2 d5 22. exd5 Rxc4 23. Nxc4 Bc5 24. Ne4 Nxe4 25. Qxe4 f6 26. d6 b5 27. axb6 Nxb6 28. Nxb6 Bxb6 29. Qc4+ Kh7 30. h3 Qb5 31.
Qxb5 axb5 32. g4 Kg8 33. Be1 Bc5 34.
d7 b4 35. Rd5 Be7 36. Bf2 Ra8 37. Bb6 Bd8 38. Bc5 Ra2 39. Bxb4 Rxb2 40. Ba5 Rb8 41. Bxd8 Rxd8 42. c4 1-0

[Event "New Zealand Championship 2023"]
[Site "Wellington"]
[Date "2023.01.10"]
[Round "9.6"]
[White "Cilia Vincenti, David"]
[Black "McLaren, Leonard J"]
[Result "1/2-1/2"]
[TimeControl "90 mins + 30 mins (after 40 moves), additional 30 secs per move"]
[WhiteTitle "CM"]
[BlackTitle "FM"]
[WhiteFideId "5600197"]
[BlackFideId "4300270"]
[WhiteElo "2136"]
[BlackElo "2265"]

1. d4 Nf6 2. c4 e6 3. Nc3 Bb4 4. Qc2 Nc6 5. Nf3 O-O 6. Bd2 d6 7. a3 Bxc3 8. Bxc3 Qe7 9. e4 e5 10.
d5 Nb8 11. Be2 a5 12. O-O a4 13. c5 Bg4 14. cxd6 cxd6 15. Rae1 Rc8 16. Nh4 Bd7 17. f4 Na6 18. fxe5 dxe5 19.
Nf5 Bxf5 20. Rxf5 Ne8 21. Qxa4 f6 22. Bxa6 Rxa6 23. Qd1 Qc5+ 24. Kh1 Nd6 25. Rf3 Qc4 26. Rfe3 Rb6 27. Bb4 Nb5 28.
Qg4 f5 29. Qxf5 Rf6 30. b3 Qc2 31. Qxe5 Qf2 32. h3 Nd4 33. Qg3 Rc2 34. Qxf2 Rfxf2 35. Rg3 Ne2 36. Rg4 h5 37. Rg5 h4 38.
Bd6 Rd2 39. Be5 Rf7 40. Rg4 Re7 41. Bh2 Nc3 42. d6 Re6 43. Rxh4 Nb5 44. e5 Nxd6 45. Rc1 Nf5 46. Rb4 b6 47.
Rbc4 Rg6 48. Rg4 Re6 49. Rg5 Nd4 50. Bf4 Ra2 51. Rc8+ Kh7 52. Rc7 Rg6 53. Rxg6 Kxg6 54. Rd7 Ne2 55. Be3 Rxa3 56. Rd6+ Kf5 57. Rxb6 Ng3+ 58. Kg1 Ke4 59. Bc5 Ra1+ 60. Kf2 Nh1+ 61. Ke2 Ra2+ 62. Kd1 Kxe5 63. Rg6 Ke4 64. Rxg7 Kd3 65. Kc1 Rc2+ 66. Kb1 Rxc5 67. Kb2 Nf2 68. h4 Nd1+ 69. Ka3 Nc3 70. b4 Nb5+ 71. Ka4 Rh5 72.
Rg5 Nc3+ 73. Kb3 Rxg5 74. hxg5 Kd4 75. g6 Nd5 76. g7 Ne7 77. Ka4 Ke5 78. b5 Kf6 79. b6 Kxg7 80. b7 Nc6 81. Kb5 Nb8 82. Ka4 Nc6 83. Kb5 Nb8 1/2-1/2

[Event "New Zealand Championship 2023"]
[Site "Wellington"]
[Date "2023.01.10"]
[Round "9.7"]
[White "Sole, Michael D"]
[Black "Tang, Hao"]
[Result "1-0"]
[TimeControl "90 mins + 30 mins (after 40 moves), additional 30 secs per move"]
[WhiteFideId "4309030"]
[BlackFideId "4311280"]
[WhiteElo "2142"]
[BlackElo "2133"]

1. e4 c5 2. Nf3 d6 3. d4 cxd4 4. Nxd4 Nf6 5. Nc3 g6 6. Be3 Bg7 7. f3 a6 8. Qd2 h5 9. Be2 Nbd7 10.
O-O Qc7 11. a4 b6 12. Nd5 Nxd5 13. exd5 Bb7 14. c4 O-O 15.
a5 bxa5 16. Nb3 Rab8 17. Nxa5 Rfe8 18. Ra2 e6 19. b4 exd5 20. cxd5 Bc3 21. Qc1 Bxd5 22. Rc2 Rxb4 23. Rxc3 Qxa5 24.
Rd1 Kh7 25. Ra3 Ra4 26. Rxa4 Qxa4 27. Rxd5 Qb3 28. Rd3 Qa2 29. Kf2 Nc5 30. Ra3 Qe6 31. Bc4 Qf5 32. Bxa6 Nxa6 33. Rxa6 Rc8 34.
Rc6 Rxc6 35. Qxc6 Qe5 36. Qb7 Kg8 37. Qb8+ Kh7 38. g3 h4 39. Qb3 d5 40. Qd3 hxg3+ 41. hxg3 Qe6 42. Qd4 Qf5 43.
Qf4 Qc2+ 44. Bd2 Kg8 45. Qe3 Qf5 46. Kg2 Qc2 47. Qe8+ Kg7 48. Qe5+ Kh7 49. Qxd5 Kg8 50. Qd4 Qa2 51.
Qe3 Qc4 52. Qf2 Qd3 53. Be3 Qc4 54. Qd2 Qb3 55. Bd4 Qb1 56. Bc3 Kh7 57. Qd4 Qc2+ 58. Kh3 Qf5+ 59. Qg4 1-0

[Event "New Zealand Championship 2023"]
[Site "Wellington"]
[Date "2023.01.10"]
[Round "9.8"]
[White "Hague, Ben"]
[Black "Dive, Russell J"]
[Result "1/2-1/2"]
[TimeControl "90 mins + 30 mins (after 40 moves), additional 30 secs per move"]
[WhiteTitle "FM"]
[BlackTitle "IM"]
[WhiteFideId "405647"]
[BlackFideId "4300106"]
[WhiteElo "2494"]
[BlackElo "2350"]

1. d4 Nf6 2. Nf3 d5 3. e3 c6 4. c4 e6 5. Nc3 a6 6. cxd5 exd5 7. Bd3 Bd6 8. O-O O-O 9. e4 dxe4 10.
Nxe4 Nxe4 11. Bxe4 1/2-1/2

[Event "New Zealand Championship 2023"]
[Site "Wellington"]
[Date "2023.01.10"]
[Round "9.9"]
[White "Ning, Isabelle Yixuan"]
[Black "Braganza, Nadia"]
[Result "1-0"]
[TimeControl "90 mins + 30 mins (after 40 moves), additional 30 secs per move"]
[WhiteTitle "WCM"]
[BlackTitle "WCM"]
[WhiteFideId "4307763"]
[BlackFideId "4305337"]
[WhiteElo "2109"]
[BlackElo "1838"]

1. d4 d5 2. c4 e6 3. Nc3 Nf6 4. cxd5 exd5 5. Bg5 c6 6. Qc2 Bd6 7. e3 O-O 8. Bd3 h6 9. Bh4 a5 10.
Nge2 Re8 11. Bg3 Na6 12. a3 Nc7 13. O-O Nh5 14. Na4 Nxg3 15. hxg3 Ne6 16. Nc5 Nxc5 17. dxc5 Be5 18. Nd4 Qf6 19.
Qd2 Kh8 20. Bc2 Bd7 21. Rab1 g6 22. b4 axb4 23. Qxb4 Reb8 24. a4 Bc7 25. Rfc1 h5 26. Nf3 Bg4 27. Qd4 Kg7 28. Qxf6+ Kxf6 29.
Nd4 Ba5 30. Rb3 Bd8 31. Rcb1 Rxa4 32. Nxc6 Rc8 33. Nxd8 Rxd8 34. Rb6+ 1-0

[Event "New Zealand Championship 2023"]
[Site "Wellington"]
[Date "2023.01.10"]
[Round "9.10"]
[White "Wang, Justin Zhide"]
[Black "Archer, Ollie"]
[Result "0-1"]
[TimeControl "90 mins + 30 mins (after 40 moves), additional 30 secs per move"]
[WhiteFideId "4312830"]
[BlackFideId "4317262"]
[WhiteElo "1875"]
[BlackElo "2151"]

1. e4 c6 2. d4 d5 3. Nc3 dxe4 4. Nxe4 Nd7 5. Nf3 Ngf6 6. Nxf6+ Nxf6 7. Bd3 Bg4 8. c3 e6 9. Bf4 Be7 10.
Be2 O-O 11. O-O a5 12. h3 Bh5 13. Ne5 Bxe2 14. Qxe2 Nd5 15. Bh2 a4 16. a3 Bd6 17. f4 f5 18. Rae1 Bxe5 19. Qxe5 Re8 20.
Kh1 Nf6 21. Qe2 Qd5 22. Qf3 Qxf3 23. gxf3 b5 24. Re5 Nd5 25. Rfe1 Kf7 26. R5e2 Nb6 27. Bg1 Nc4 28. Be3 Rad8 29.
Bf2 h6 30. Rg1 Rg8 31. Be3 Rd5 32. h4 Rgd8 33. Bf2 Na5 34. h5 Nb3 35. Rg6 R5d6 36. Bh4 Rg8 37. Re5 Nd2 38. Kg2 Nc4 39. Re2 c5 40. dxc5 Rd2 41. Rgxe6 Rxe2+ 42. Rxe2 Re8 43. Rf2 Re1 44.
c6 Ke6 45. c7 Kd7 46. Rd2+ Nxd2 47. Bxe1 Nc4 48. Bf2 Kxc7 49. Bd4 Kd7 50. Bxg7 Ke7 51. Bxh6 Nxb2 52. Bg5+ Kf7 53. h6 Nc4 54.
h7 Kg7 55. Be7 Kxh7 56. Kf2 Kg7 57. Ke2 Kf7 58. Bb4 Ke6 59. Kf2 Kd5 60. Kg3 Nd2 61. c4+ Nxc4 62. Kh4 Ne3 63. Kg5 Nc2 64.
Bc3 Ke6 65. Bb2 b4 66. axb4 Nxb4 67. Kh4 Nc2 68. Kg3 a3 69. Bc3 a2 70. Kf2 a1=Q 71. Bxa1 Nxa1 72. Ke3 Nb3 73. Kd3 Kd5 74. Kc3 Nd4 0-1

[Event "New Zealand Championship 2023"]
[Site "Wellington"]
[Date "2023.01.10"]
[Round "9.11"]
[White "Xing, Zerui"]
[Black "Metge, J Nigel"]
[Result "0-1"]
[TimeControl "90 mins + 30 mins (after 40 moves), additional 30 secs per move"]
[WhiteFideId "3236714"]
[BlackFideId "4300181"]
[WhiteElo "1596"]
[BlackElo "2146"]

1. d4 e6 2. Nf3 f5 3. g3 Nf6 4. Bg2 d5 5. b3 c6 6. O-O Ne4 7. Bb2 Nd7 8. Nbd2 Bb4 9. Nxe4 fxe4 10.
Nd2 Qa5 11. Nb1 O-O 12. a3 Bd6 13. c4 b5 14. b4 Qd8 15. c5 Bc7 16. Nd2 e5 17. Nb3 Qe7 18. dxe5 Nxe5 19. Bxe5 Bxe5 20.
Nd4 Qf6 21. e3 Bd7 22. Rc1 a5 23. f4 Bxd4 24. Qxd4 Qxd4 25. exd4 axb4 26. axb4 Ra4 27. Rb1 Rfa8 28. h3 Ra2 29.
Rfd1 R8a3 30. g4 Rg3 31. Ra1 Rgxg2+ 32. Kh1 h5 33. gxh5 Bxh3 34. Rxa2 Rxa2 35. Rg1 Kf7 36. Rg6 e3 37.
Rxc6 e2 38. Kg1 e1=Q# 0-1

[Event "New Zealand Championship 2023"]
[Site "Wellington"]
[Date "2023.01.10"]
[Round "9.12"]
[White "Liu, William Rui"]
[Black "Yu, Zachary"]
[Result "1/2-1/2"]
[TimeControl "90 mins + 30 mins (after 40 moves), additional 30 secs per move"]
[WhiteFideId "4313593"]
[BlackFideId "4311930"]
[WhiteElo "1908"]
[BlackElo "1885"]

1. e4 c5 2. Nf3 d6 3. d4 cxd4 4. Nxd4 Nf6 5. Nc3 a6 6. Be3 e5 7. Nf3 Be7 8. Bc4 Be6 9. Bb3 O-O 10.
O-O Nc6 11. Bg5 Na5 12. Bxf6 Bxf6 13. Nd5 Nxb3 14. axb3 Bg4 15. Qd3 Rc8 16. c3 g6 17. Nd2 Bg7 18. Nc4 Be6 19. Nxd6 Rb8 20.
Nc4 f5 21. Rad1 f4 22. f3 Qh4 23. Qe2 g5 24. Ne7+ Kh8 25. Rd6 Bxc4 26. Qxc4 g4 27. Nf5 Rxf5 28. exf5 gxf3 29. Rxf3 Rg8 30.
Rh3 Qe1+ 31. Qf1 Qe4 32. Qd3 Qe1+ 33. Qf1 Qe4 34. Qd3 1/2-1/2

[Event "New Zealand Championship 2023"]
[Site "Wellington"]
[Date "2023.01.10"]
[Round "9.13"]
[White "Timergazi, Layla"]
[Black "Mao, Daqi"]
[Result "1/2-1/2"]
[TimeControl "90 mins + 30 mins (after 40 moves), additional 30 secs per move"]
[WhiteTitle "WIM"]
[WhiteFideId "4303733"]
[BlackFideId "4311370"]
[WhiteElo "2136"]
[BlackElo "2085"]

1. d4 d5 2. Bf4 c5 3. e3 Nc6 4. Nc3 cxd4 5. exd4 a6 6. Nf3 Bg4 7. Be2 e6 8. Ne5 Bxe2 9. Nxe2 Nxe5 10.
Bxe5 Nf6 11. O-O Bd6 12. Nf4 O-O 13. c3 Bxe5 14. dxe5 Nd7 15. Qe2 Qc7 16. Rfe1 Rac8 17. Nh5 g6 18.
Qg4 Nxe5 19. Nf6+ Kg7 20. Qg5 Nd7 21. Ng4 h5 22. Qh6+ Kg8 23. Rxe6 fxe6 24. Qxg6+ Kh8 25. Qh6+ Kg8 26.
Qg6+ 1/2-1/2

[Event "New Zealand Championship 2023"]
[Site "Wellington"]
[Date "2023.01.10"]
[Round "9.14"]
[White "Park-Tamati, Philli"]
[Black "Young, Cohen"]
[Result "1/2-1/2"]
[TimeControl "90 mins + 30 mins (after 40 moves), additional 30 secs per move"]
[WhiteFideId "4309090"]
[BlackFideId "4317440"]
[WhiteElo "2065"]
[BlackElo "1994"]

1. d4 Nf6 2. Bf4 d5 3. e3 c5 4. dxc5 e6 5. b4 a5 6. c3 axb4 7. cxb4 Bd7 8. Nd2 b6 9. cxb6 Bxb4 10.
Bc7 Qe7 11. b7 Ra3 12. Bxb8 Ba4 13. Be5 Qxb7 14. Qb1 Bxd2+ 15. Kxd2 Ne4+ 16. Ke2 Qc8 17. Ke1 Qc5 18. Qb8+ Kd7 19.
Qb7+ Ke8 20. Qb8+ 1/2-1/2